 Dungeon Crawl Stone Soup version 0.21-a0-442-g848f44b (webtiles) character file.

103 slep the Covered (level 4, 0/32 HPs)
             Began as a Demonspawn Wanderer on Nov 15, 2017.
             Killed from afar by Natasha (3 damage)
             ... with a magic dart
             ... on level 2 of the Dungeon.
             The game lasted 00:05:19 (855 turns).

slep the Covered (Demonspawn Wanderer)               Turns: 855, Time: 00:05:20

Health: 0/32       AC: 11    Str: 16    XL:     4   Next: 51%
Magic:  4/4        EV: 10    Int: 10    God:
Gold:   59         SH:  0    Dex: 13    Spells: 3/3 levels left

rFire    . . .     SeeInvis .   h - +2 dagger (venom)
rCold    . . .     Gourm    .   (no shield)
rNeg     . . .     Faith    .   a - +2 scale mail
rPois    .         Spirit   .   (no helmet)
rElec    .         Reflect  .   (no cloak)
rCorr    .         Harm     .   (no gloves)
MR       .....                  (no boots)
Stlth    ..........             (no amulet)
HPRegen  0.10/turn              g - +2 ring of protection
MPRegen  0.09/turn              (no ring)

@: slowed, very slow
A: talons 1, sturdy frame 1
a: no special abilities


You were on level 2 of the Dungeon.
You were not hungry.

You visited 1 branch of the dungeon, and saw 2 of its levels.

You collected 59 gold pieces.

Inventory:

Hand Weapons
 d - a +0 club
 h - a +2 dagger of venom (weapon)
Armour
 a - a +2 scale mail (worn)
Jewellery
 g - a +2 ring of protection (left hand)
Scrolls
 b - a scroll of teleportation
 c - a scroll of identify {unknown}
 k - a scroll of magic mapping {unknown}
 o - 2 scrolls of remove curse {unknown}
 r - a scroll of immolation {unknown}
Potions
 e - 2 potions of flight {unknown}
 i - a potion of degeneration {unknown}
 j - a potion of berserk rage {unknown}
 m - 2 potions of curing
 n - a potion of invisibility {unknown}
 q - a potion of haste {unknown}
 s - a potion of heal wounds {unknown}
Books
 p - a book of Maledictions

   Spells                             Type                      Level
   a - Corona                         Hexes                        1
   b - Ensorcelled Hibernation        Hexes/Ice                    2
   c - Confuse                        Hexes                        3
   d - Tukima's Dance                 Hexes                        3
   e - Dazzling Spray                 Conjuration/Hexes            3
Comestibles
 f - a bread ration
 l - 5 chunks of flesh


   Skills:
 + Level 1.1 Fighting
 + Level 1.2 Short Blades
   Level 1.0(1.7) Axes
 + Level 2.1(2.3) Maces & Flails
 + Level 4.9 Armour
 + Level 0.3 Dodging
 + Level 1.0 Stealth
   Level 1.0 Shields


You had 3 spell levels left.
You didn't know any spells.

Dungeon Overview and Level Annotations

Branches:
Dungeon (2/15)

Altars:

Annotations:
D:2 Natasha


Innate Abilities, Weirdness & Mutations

You have sharp toenails.
Your movements are slightly less encumbered by armour. (ER -2)


Message History

Natasha claws you.
You closely miss Natasha. Your kick misses Natasha.
Natasha is moderately wounded.
Natasha claws you.
You hit Natasha.
Natasha looks as sick as possible!
Natasha is moderately wounded.
Natasha barely misses you.
The crimson imp blinks!
Natasha claws you!
* * * LOW HITPOINT WARNING * * *
You barely miss Natasha.
Natasha is heavily wounded.
Natasha barely misses you.
You closely miss Natasha. Your kick misses Natasha.
Natasha is heavily wounded.
Natasha closely misses you. x2
You completely miss Natasha.
Natasha is severely wounded.
The crimson imp hits you but does no damage.
Natasha casts a spell at you. The magic dart hits you!
You die...

#.#
#....................####..
#####..................#...
#.####.................
###.................
#.............#.....
.##..........#.##..
#.†...##.###.###.
###5###.##.# #.# #. #.@.#
#.##.# #.# #. #....h..#
#.##.# ..# #. #.....?.#
#.##.##.# #. #.......#
#.##.#..####. #.......#
#..#......... #.......#
##..).####### #.......#
#..#...##### #.......#
#.####.....# #.# #####..


You could see Natasha and a crimson imp.

Vanquished Creatures
  Jessica (D:2)
  Natasha (D:2)
  A gnoll (D:1)
  A worm (D:2)
  3 leopard geckos
  A ball python (D:1)
  A giant cockroach (D:1)
  3 goblins
  6 hobgoblins
  A quokka (D:2)
  6 bats
  5 frilled lizards
  6 kobolds
  2 rats (D:1)
38 creatures vanquished.

Notes
Turn   | Place    | Note
-------+----------+-------------------------------------------
     0 | D:1      | slep the Demonspawn Wanderer began the quest for the Orb.
     0 | D:1      | slep set off with: a +2 scale mail, a scroll of teleportation, a potion of curing, a +0 club, a bread ration
     0 | D:1      | Reached XP level 1. HP: 15/15 MP: 1/1
   165 | D:1      | Reached skill level 4 in Armour
   165 | D:1      | Gained mutation: You have sharp toenails. [demonic ancestry]
   165 | D:1      | Reached XP level 2. HP: 13/21 MP: 2/2
   438 | D:1      | Reached XP level 3. HP: 26/26 MP: 3/3
   715 | D:2      | Noticed Jessica
   733 | D:2      | Killed Jessica
   733 | D:2      | Reached skill level 1 in Short Blades
   733 | D:2      | Gained mutation: Your movements are slightly less encumbered by armour. (ER -2) [demonic ancestry]
   733 | D:2      | Reached XP level 4. HP: 18/32 MP: 4/4
   764 | D:2      | Noticed Natasha
   774 | D:2      | Killed Natasha
   844 | D:2      | Noticed Natasha
   855 | D:2      | Killed from afar by Natasha

Vault maps used:
D:1:      saegor_arrival_simple_c
D:2:      first_bread, uniq_jessica, uniq_natasha, uniq_crazy_yiuf_cottage

Skill      XL: |  1  2  3 |
---------------+----------+-----
Armour         | 4 |  4.9
Maces & Flails | 2 |  2.1
Short Blades   | 1 |  1.2
Fighting       | |  1.1
Axes           | |  1.0
Dodging        | |  0.3
Stealth        | |  1.0
Shields        | |  1.0

Action                   |  1- 3 |  4- 6 || total
-------------------------+-------+-------++-------
Melee: Club              |    26 |       ||    26
       Dagger            |    81 |    21 ||   102
       Kick              |    19 |     4 ||    23
  Use: Potion            |     1 |       ||     1
Armor: Scale mail        |    60 |     6 ||    66
Dodge: Dodged            |    49 |    10 ||    59

Table legend:
 A = Spawn XP
 B = Non-spawn XP
 C = Spawn XP percentage of total XP
 D = Spawn monster count
 E = Non-spawn monster count
 F = Spawn count percentage of total count
 G = Total turns spent on level
                    A         B        C        D         E        F      G
               +---------+---------+-------+---------+---------+-------+---------
         Total |       0 |     148 |   0.0 |       0 |      38 |   0.0 |   855
               +---------+---------+-------+---------+---------+-------+---------
           D:1 |       0 |      55 |   0.0 |       0 |      27 |   0.0 |   676
           D:2 |       0 |      93 |   0.0 |       0 |      11 |   0.0 |   179
               +---------+---------+-------+---------+---------+-------+---------
